Cogmind - Beta 11.1 @@@ ROGUE MODE // 2022.10.05 @ 19:08:04 Player: DuckBoy Result: Destroyed by 8R-AWN with 8R-AWN's Boregun Performance ------------- Evolutions (0) 0 Regions Visited (3) 600 Robots Destroyed (39) 195 Value Destroyed (960) 960 Prototype IDs (23) 460 Alien Tech Used (0) 0 Bonus (225) 225 TOTAL SCORE: 2440 Bonus ------- Aligned with FarCom 300 Friendly Fire -75 Cogmind --------- Core Integrity 0/250 Matter 180/300 Energy 230/250 System Corruption 3% Temperature Cool (0) Movement Walking (90) Location -10/Exiles Parts ------- > --- POWER (1) -------- Ion Engine > --- PROPULSION (2) --- Potential Leg Potential Leg > --- UTILITY (2) ------ Medium Armor Plating Medium Armor Plating > --- WEAPON (2) ------- Assault Rifle Light Assault Rifle > --- INVENTORY (5) ---- Large Storage Unit High-capacity Matter Pod (200) Light Armor Plating Hacking Suite Peak State ------------ > --- POWER ------------ Ion Engine > --- PROPULSION ------- Potential Leg Potential Leg > --- UTILITY ---------- Improved Heat Sink Large Storage Unit > --- WEAPON ----------- Particle Gun Light Assault Rifle > --- INVENTORY -------- Light Treads High-capacity Matter Pod Light Armor Plating Light Armor Plating Light Armor Plating Medium Armor Plating Medium Armor Plating Medium Armor Plating Medium Armor Plating Hacking Suite Assault Rifle Assault Rifle Light Assault Rifle Grenade Launcher Grenade Launcher [Rating: 30] Favorites ----------- Power Ion Engine Engine Ion Engine Propulsion Light Treads Treads Light Treads Leg Aluminum Leg Utility Large Storage Unit Device Improved Heat Sink Storage Large Storage Unit Protection Light Armor Plating Weapon Assault Rifle Energy Gun Medium Laser Ballistic Gun Assault Rifle Build | -11 -10 -10 -10 ------- Run | Scr Mat Min Exi Slots Evolved . | . . . . Power . | . . . . Propulsion . | . . . . Utility . | . . . . Weapon . | . . . . Parts Attached 29 | 6 6 8 9 Power 4 | 1 1 2 . Engine 4 | 1 1 2 . Core . | . . . . Reactor . | . . . . Propulsion 7 | 2 . 3 2 Treads 2 | 2 . . . Leg 5 | . . 3 2 Wheel . | . . . . Hover . | . . . . Flight . | . . . . Utility 9 | 1 4 1 3 Device 1 | . . 1 . Storage 3 | 1 2 . . Processor . | . . . . Hackware . | . . . . Protection 5 | . 2 . 3 Artifact . | . . . . Weapon 9 | 2 1 2 4 Energy Gun 3 | 1 1 1 . Energy Cannon . | . . . . Ballistic Gun 6 | 1 . 1 4 Ballistic Cannon . | . . . . Launcher . | . . . . Special Weapon . | . . . . Impact Weapon . | . . . . Slashing Weapon . | . . . . Piercing Weapon . | . . . . Special Melee Weapon . | . . . . Unidentified Prototypes . | . . . . Parts Lost 10 | . 2 5 3 Power . | . . . . Propulsion 3 | . . 3 . Utility 3 | . 1 1 1 Weapon 4 | . 1 1 2 Highest Loss Streak 3 | . 1 3 3 To Critical Strikes 1 | . . . 1 Average Slot Usage (%) 98 | . 99 96 99 Engine 14 | . 14 14 14 Treads 18 | . 28 11 . Leg 9 | . . 15 27 Device 4 | . . 7 12 Storage 13 | . 14 14 12 Protection 8 | . 13 4 2 Energy Gun 12 | . 13 10 12 Ballistic Gun 15 | . 14 17 15 Naked Turns . | . . . . Heaviest Build 36 | 14 32 32 36 Greatest Support 60 | 40 40 40 60 Greatest Overweight (x) 9 | 2 . 2 9 Average Overweight (x) . | . . . . Largest Inventory Capacity 15 | 8 15 15 15 Average Capacity 13 | 6 12 15 14 Most Carried 15 | 2 15 15 15 Average Carried 12 | 1 11 14 14 Final Capacity 15 | 8 15 15 5 Final Carried 15 | 1 15 15 4 Class Distribution -------------------- 64% | Mutant 35% | Scavenger-Mutant Dominant Class ---------------- Mutant | -10/Materials Scavenger-Mutant | -10/Mines Scavenger-Mutant | -10/Exiles Resources | -11 -10 -10 -10 ----------- Run | Scr Mat Min Exi Matter Collected 1194 | 223 488 405 78 Remotely . | . . . . Salvage Created 1244 | . 733 511 . Parts 73 | . 43 30 . Haulers Intercepted 2 | . 2 . . Recyclers Shooed 2 | . 2 . . Parts Field Recycled . | . . . . Retrieved Matter . | . . . . Parts Self-Destructed . | . . . . Prevented . | . . . . Kills | -11 -10 -10 -10 ------- Run | Scr Mat Min Exi Combat Hostiles Destroyed 31 | . 14 17 . Guns 31 | . 14 17 . Classes Destroyed 6 | . 6 . . Worker 1 | . 1 . . Hauler 2 | . 2 . . Operator 2 | . 2 . . Watcher 3 | . 3 . . Swarmer 11 | . 3 8 . Grunt 20 | . 11 9 . Best Kill Streak 3 | . 3 3 . Combat Bots Only 3 | . 3 3 . Max Kills in Single Turn 2 | . 1 2 . Gunslinging 1 | . . 1 . Exploded . | . . . . Melee . | . . . . Uniques/NPCs Destroyed . | . . . . Combat | -11 -10 -10 -10 -------- Run | Scr Mat Min Exi Damage Taken 1796 | . 596 697 503 Core 252 | . 47 129 76 Absorbed by Shields . | . . . . Core Remaining (%) 100 | 100 . . . Volleys Fired 130 | . 74 45 11 Largest 2 | . 2 2 2 Hottest 85 | . 70 85 40 Shots Fired 247 | . 137 88 22 Gun 247 | . 137 88 22 Cannon . | . . . . Launcher . | . . . . Special . | . . . . Kinetic 156 | . 78 56 22 Thermal 72 | . 40 32 . Explosive . | . . . . Electromagnetic 19 | . 19 . . Robot Hit Streak 12 | . 10 10 12 Robot Miss Streak 8 | . 4 8 2 Penetration Max . | . . . . Secondary Targets 2 | . . 2 . Max Gunslinging Chain 1 | . . 1 . Shots Hit Robots 153 | . 87 49 17 Core Hits 69 | . 40 27 2 Critical Kills . | . . . . Critical Parts Destroyed 1 | . . 1 . Critical Strikes 4 | . 3 1 . Burn 3 | . 3 . . Destroy 1 | . . 1 . Melee Attacks . | . . . . Impact . | . . . . Slashing . | . . . . Piercing . | . . . . Sneak Attacks . | . . . . Combat Hostiles . | . . . . Follow-up Attacks . | . . . . Damage Inflicted 1938 | . 1135 615 188 Guns 1927 | . 1132 607 188 Cannons . | . . . . Explosions . | . . . . Melee . | . . . . Ramming 11 | . 3 8 . Kinetic 1123 | . 677 258 188 Thermal 625 | . 276 349 . Explosive . | . . . . Electromagnetic 179 | . 179 . . Impact . | . . . . Slashing . | . . . . Piercing . | . . . . Highest Corruption 3 | . 3 3 3 Average Corruption 2 | . 2 3 3 Corruption Purged . | . . . . Corruption Blocked . | . . . . Effects 52 | . 22 21 9 Message Errors 7 | . 3 2 2 Matter Fused 15 | . 6 6 3 Heat Flow Errors 3 | . 1 1 1 Energy Discharges 10 | . 4 5 1 Data Loss (minor) 3 | . 1 1 1 Data Loss (major) 2 | . . 2 . Misfires 4 | . 4 . . Alerts 8 | . 3 4 1 Overload Shots . | . . . . Overflow Damage . | . . . . Projectiles . | . . . . Explosions . | . . . . Melee . | . . . . Knockbacks 1 | . . 1 . Impact 1 | . . 1 . Kinetic . | . . . . Secondary . | . . . . Self-Inflicted Damage . | . . . . Shots . | . . . . Rammed 4 | . 1 3 . Targets Rammed 5 | . 1 4 . Kicked 1 | . . 1 . Crushed . | . . . . Highest Temperature 226 | . 195 226 210 Average Temperature 53 | . 55 47 64 Received Heat Transfer 570 | . 282 288 . Siege Activations . | . . . . Robots Corrupted . | . . . . Combat Hostiles . | . . . . Parts Fried 1 | . 1 . . Impact Corruptions . | . . . . Robots Melted . | . . . . Combat Hostiles . | . . . . Parts Melted 5 | . 3 2 . Heat Transferred 1887 | . 1036 851 . Parts Sabotaged . | . . . . Parts Stolen . | . . . . Parts Stripped . | . . . . Power Chain Reactions . | . . . . Missiles Intercepted . | . . . . Alert | -11 -10 -10 -10 ------- Run | Scr Mat Min Exi Peak Influence 277 | . 277 186 . Initial . | . . . . Average 82 | . 83 83 . Maximum Alert Level 1 | . 1 . . Low Security (%) 93 | 100 89 100 . Level 1 6 | . 10 . . Level 2 . | . . . . Level 3 . | . . . . Level 4 . | . . . . Level 5 . | . . . . High Security . | . . . . Max Security . | . . . . Squads Dispatched 6 | . 5 1 . Investigation 4 | . 3 1 . Extermination . | . . . . Reinforcement 2 | . 2 . . Assault . | . . . . Garrison . | . . . . Intercept . | . . . . Searches Triggered . | . . . . Construction Impeded . | . . . . Haulers Reinforced . | . . . . Active Scanning Responses . | . . . . Cargo Convoy Interrupts . | . . . . Stealth | -11 -10 -10 -10 --------- Run | Scr Mat Min Exi Distress Signals 2 | . 2 . . Communications Jammed . | . . . . Distress Signals . | . . . . Times Spotted 47 | . 27 19 1 Peak Tracking Total 6 | . 6 3 2 Tactical Retreats 3 | . 2 1 . Traps | -11 -10 -10 -10 ------- Run | Scr Mat Min Exi Traps Triggered 3 | . 3 . . Indirectly . | . . . . Trap Hack Attempts . | . . . . Triggered . | . . . . Disarmed . | . . . . Reprogrammed . | . . . . Reused . | . . . . Traps Extracted . | . . . . Installed . | . . . . Triggered 1 | . 1 . . Exploded 1 | . . . 1 Machines | -11 -10 -10 -10 ---------- Run | Scr Mat Min Exi Machines Disabled 2 | . 1 1 . Max in Single Turn 1 | . 1 1 . Machines Sabotaged . | . . . . Garrisons Compromised . | . . . . Overloaded Fab Kills . | . . . . Hacking | -11 -10 -10 -10 --------- Run | Scr Mat Min Exi Machines Accessed 11 | . 7 2 2 Terminals 8 | . 6 2 . Fabricators . | . . . . Repair Stations 1 | . 1 . . Recycling Units . | . . . . Scanalyzers . | . . . . Garrison Access . | . . . . Total Hacks 35 | . 24 6 5 Successful 15 | . 7 3 5 Failed 20 | . 17 3 . Catastrophic 4 | . 3 1 . Database Lockouts . | . . . . Manual 25 | . 21 3 1 Terminals 27 | . 21 6 . Fabricators . | . . . . Repair Stations 3 | . 3 . . Recycling Units . | . . . . Scanalyzers . | . . . . Garrison Access . | . . . . Terminal Hacks 11 | . 3 3 5 Record 5 | . . 1 4 Part Schematic 1 | . 1 . . Unreport Threat 1 | . 1 . . Patrol Status 1 | . . 1 . Recall Reinforcements 1 | . 1 . . Zone Layout 1 | . . 1 . EX-Prototype ID Bank 1 | . . . 1 Fabricator Hacks . | . . . . Repair Station Hacks 1 | . 1 . . Scan Component 1 | . 1 . . Recycling Unit Hacks . | . . . . Scanalyzer . | . . . . Garrison Access Hacks . | . . . . Unauthorized Hacks 3 | . 3 . . Terminals 3 | . 3 . . Botnet 3 | . 3 . . Fabricators . | . . . . Repair Stations . | . . . . Recycling Units . | . . . . Scanalyzers . | . . . . Garrison Access . | . . . . Data Cores Recovered 1 | . 1 . . Used 1 | . 1 . . Hacking Detections 9 | . 7 2 . Full Trace Events 5 | . 4 1 . Feedback Events 1 | . 1 . . Corruption 1 | . 1 . . Feedback Blocked . | . . . . Robot Schematics Acquired . | . . . . Robots Built . | . . . . Authchips . | . . . . Time . | . . . . Total Robot Build Rating . | . . . . Part Schematics Acquired 1 | . 1 . . Parts Built . | . . . . Authchips . | . . . . Time . | . . . . Total Part Build Rating . | . . . . Parts Repaired . | . . . . Time . | . . . . Parts Recycled . | . . . . Recycled Matter . | . . . . Retrieved Matter . | . . . . Retrieved Components . | . . . . Parts Scanalyzed . | . . . . Part Schematics Acquired . | . . . . Parts Damaged . | . . . . Bothacking | -11 -10 -10 -10 ------------ Run | Scr Mat Min Exi Used RIF Installer . | . . . . Robots Hacked . | . . . . Non-combat . | . . . . Combat . | . . . . Robot Hacks Applied . | . . . . Relay Couplers Released . | . . . . Fabnet Peak Effective % . | . . . . Robots Rewired . | . . . . Allies Hacked . | . . . . Hacks Repelled . | . . . . Allies | -11 -10 -10 -10 -------- Run | Scr Mat Min Exi Total Allies . | . . . . Largest Group . | . . . . Highest-Rated Group . | . . . . Highest-Rated Ally . | . . . . Total Orders . | . . . . Ally Attacks . | . . . . Total Damage . | . . . . Kills . | . . . . Allies Corrupted . | . . . . Allies Melted . | . . . . Intel | -11 -10 -10 -10 ------- Run | Scr Mat Min Exi Robot Analysis Total . | . . . . Derelict Logs Recovered 1 | . . 1 . Drone Launches . | . . . . Drone Recoveries . | . . . . Exploration | -11 -10 -10 -10 ------------- Run | Scr Mat Min Exi Turns Passed 3785 | 54 1931 1280 520 Spaces Moved 1944 | 33 1013 573 325 Core 15 | 14 . . 1 Treads 1308 | 19 1013 276 . Legs 621 | . . 297 324 Wheels . | . . . . Hover . | . . . . Flight . | . . . . Fastest Speed 50 | 50 160 160 90 Average Speed 164 | 131 160 189 136 Slowest Speed 500 | 160 160 260 500 Overloaded Moves . | . . . . Propulsion Burnouts . | . . . . Robots Hopped . | . . . . Cave-ins Triggered . | . . . . Exploration Rate (%) 64 | 3 94 99 62 Regions Visited 3 Branch Regions 2 Pre-discovered Areas 1 | . . . 1 Known Exits Taken . | . . . . Unknown Exits Taken 3 | 1 1 1 . Scrap Searched 3 | . . 3 . Spaces Dug . | . . . . Terrain Destroyed . | . . . . Melee . | . . . . Projectile . | . . . . AOE . | . . . . Terrain Rammed . | . . . . Walls Destroyed . | . . . . Machines Disabled . | . . . . Actions | -11 -10 -10 -10 --------- Run | Scr Mat Min Exi Total 2300 | 41 1201 680 378 Wait 135 | 1 61 44 29 Move 1941 | 32 1012 572 325 Hop . | . . . . Pick Up 35 | 2 30 2 1 Fast Attach 16 | 5 1 6 4 Attach 4 | 1 2 . 1 Detach . | . . . . Swap 9 | . 3 2 4 Drop 25 | . 17 5 3 Fire 130 | . 74 45 11 Melee . | . . . . Ram . | . . . . Kick 1 | . . 1 . Crush 4 | . 1 3 . Escape Stasis . | . . . . Rewire . | . . . . Trap . | . . . . Miscellaneous . | . . . . Route ------- -11/Scrapyard -10/Materials (discovered 4 exits: [*Mat x3] / *Min) -10/Mines (discovered 3 exits: [*Mat x2] / *Exi) -10/Exiles (discovered 1 exit: [*Min]) History --------- Turn | Location | Event 29 | -11/Scrapyard | Discovered new exit (range 15) 55 | -11/Scrapyard | Entered Materials 147 | -10/Materials | Discovered new exit (range 6) 306 | -10/Materials | Build established: Mutant 310 | -10/Materials | Discovered new exit (range 10) 846 | -10/Materials | Discovered new exit (range 3) 1081 | -10/Materials | Discovered new exit (range 4) 1986 | -10/Materials | Entered Mines 2385 | -10/Mines | Lost 3 parts (1n1u1w) 2638 | -10/Mines | Core integrity fell below 50% 2692 | -10/Mines | Build established: Scavenger-Mutant 2748 | -10/Mines | Learned Materials interactive machine intel 2908 | -10/Mines | Discovered new exit (range 8) 3175 | -10/Mines | Discovered new exit (range 5) 3257 | -10/Mines | Deemed a non-threat by the Exiles lab entrance 3259 | -10/Mines | Discovered new exit (range 5) 3266 | -10/Mines | Entered Exiles 3314 | -10/Exiles | Met 8R-AWN 3344 | -10/Exiles | Met EX-HEX 3417 | -10/Exiles | Met EX-DEC 3432 | -10/Exiles | Learned location of Zion (-6) 3462 | -10/Exiles | Met EX-BIN 3489 | -10/Exiles | Aligned with FarCom system 3491 | -10/Exiles | Given EX-Vault access code 3534 | -10/Exiles | Opened EX-Vault 3554 | -10/Exiles | Found Potential Leg 3556 | -10/Exiles | Found Potential Leg 3580 | -10/Exiles | Warned to stay clear of 0b10 Research branches 3587 | -10/Exiles | Exiles lab attacked by MAIN.C 3740 | -10/Exiles | Discovered new exit (range 11) 3750 | -10/Exiles | Attacked by the Exiles 3778 | -10/Exiles | Core integrity fell below 20% 3786 | -10/Exiles | Destroyed by 8R-AWN with 8R-AWN's Boregun Last Messages --------------- 03777_ HV Slug penetrates Wall. 03778_ System corrupted: Component data lost. 03780_ Penetrated by HV Slug. 03780_ Med. Armor Plating destroyed. 03780_ HV Slug penetrates Wall. 03780_ Penetrated by HV Slug. 03780_ HV Slug penetrates Wall. 03782_ Penetrated by HV Slug. 03782_ Lgt. Assault Rifle destroyed. 03782_ HV Slug penetrates Wall. 03782_ Penetrated by HV Slug. 03782_ HV Slug penetrates Wall. 03783_ Wall collapses. 03784_ Penetrated by HV Slug. 03784_ Critical hit (Destroy). 03784_ HV Slug penetrates Wall. 03784_ Penetrated by HV Slug. 03784_ HV Slug penetrates Wall. 03786_ Acquired Lgt. Assault Rifle. 03786_ Penetrated by HV Slug. Map ----- +----------------------------------------------------+ | | | | | | | ???????????????????????????????????????????? | | ???????????????????????????????????????????? | | ???????????????????????????????????????????? | | ???????????????????????????????????????????? | | ???????????????????????????????????????????? | | ???????????????????????????????????????????? | | ???????????????????????????????????????????? | | ???????????????????????????????????????????? | | ???????????????????????????????????????????? | | ???????????????????????????????????????????? | | ???????????????????????????????????????????? | | ???????????????????????????????????????????? | | ???????? ??????????????????????????????????? | | ????????# ?????????????????????????????????? | | ?????????# #???????????????????????????????? | | ??????????# #??????????????????????????????? | | ???????????# #??######?????????????????????? | | ????????????# ### ;#?????????????????????? | | ?????????????# # #?????????????????????? | | ??????????????#; < #?????????????????????? | | ???????????????# ###???????????????????? | | ???????????????# #???????????????????? | | ???????????????# [@! #????????????????????? | | ???????????????##]!! #????????????????????? | | ????????????????# !]g ##???????????????????? | | ????????????????## #????????????#######? | | ?????????????????# #######??????#! ! "#? | | ?????????????????# #""##?????# ! "#? | | ?????????????????## #?????# "#? | | ??????????????????##" ##???## ""#? | | ??????????????????#"" #####" ""#? | | ??????????????????#### ##" ""#? | | ?????????????????????## #"" ###? | | ??????????????????????#"## #??? | | ??????????????????????####### ##?? | | ????????????????????????????### "#?? | | ??????????????????????########" ### | | ??????????????????????# !!""""" # | | ??????????????????????#! "###"" | | ??????????????????????#! "#?##" | | ??????????????????????#! ##??#" | | ??????????????????????# !""""""###???#"# | | ??????????????????????#########??????#### | | ????????????????????????????????????????### | | ??????????????????????????????????????????## | | ???????????????????????????????????????????? | | ???????????????????????????????????????????? | +----------------------------------------------------+ Best States ------------- Heat Dissipation 39 Energy Generation 10 Energy Capacity 250 Matter Stores 300 Matter Capacity 300 Sight Range 16 Terrain Scan Density 10 Armor Coverage 450 Evasion (%) 57 Recoil Reduction 2 Item Schematics ----------------- Lrg. Storage Unit | -10/Materials | Hacked Robot Schematics ------------------ None Fabricated ------------ Nothing Alien Tech Used ----------------- None Achievements -------------- None Challenges ------------ None Game ------ Seed AerolevThunderRedirector Manual? 0 Play Time 00:19:27 Cumulative 216.8 hours Start 2022.10.05 @ 18:48:24 End 2022.10.05 @ 19:08:04 Sessions 1 Manual Loads 0 Difficulty Rogue Special Mode None Game No. 159 Rogue 156 Adventurer 3 Explorer 0 Win Type - Total 3 Types 2/0/1/0/0/0/0/0/0 Lore% 68 Gallery% 69 Achievement% 59 Wizard Run 0 Options --------- ASCII 0 Keyboard 0 Movement Numpad Keybinds 0 Fullscreen 1 Font 18/SmallcapsGlow Map View 76x50 Tactical HUD 1 Map Filters NONE Filters NONE Steam 1 RUN: ff7c793f-5871-490e-b3cf-48e5d306dac5